 Dungeon Crawl Stone Soup version 0.31-a0-559-g03b8d61ab2 (webtiles) character file.

Game seed: 8968375627905544069

345 AdnanSaban the Cudgeller (level 6, 0/38 HPs)
             Began as a Gargoyle Fighter on Aug 17, 2023.
             Slain by an ogre
             ... wielding a +0 giant club
              (20 damage)
             ... on level 4 of the Dungeon.
             The game lasted 00:03:12 (2923 turns).

AdnanSaban the Cudgeller (Gargoyle Fighter)         Turns: 2923, Time: 00:03:12

Health: 0/38       AC: 12    Str: 21    XL:     6   Next: 58%
Magic:  6/6        EV:  9    Int:  9    God:
Gold:   166        SH:  5    Dex: 15    Spells: 5/5 levels left

rFire   . . .        a - +0 flail
rCold   . . .        c - +0 buckler
rNeg    + . .        b - +0 scale mail
rPois   ∞            (no helmet)
rElec   +            o - +0 cloak
rCorr   .            (no gloves)
SInv    .            (no boots)
Will    .....        (no amulet) Stlth
                     p - +6 ring of dexterity
HPRegen 0.26/turn    f - ring of flight
MPRegen 0.10/turn

%: no passive effects
@: flying
A: sickness immunity, AC +4, negative energy resistance 1, electricity
resistance, torment resistance 1, petrification resistance
a: no special abilities


You were on level 4 of the Dungeon.
You visited 1 branch of the dungeon, and saw 4 of its levels.

You collected 166 gold pieces.

Inventory:

Hand Weapons
 a - a +0 flail (weapon)
Missiles
 e - 13 poisoned darts (quivered)
 s - 4 javelins
Armour
 b - a +0 scale mail (worn)
 c - a +0 buckler (worn)
 o - a +0 cloak (worn)
Jewellery
 f - a ring of flight (right hand)
 p - a +6 ring of dexterity (left hand)
Scrolls
 g - a scroll of identify {unknown}
 h - 5 scrolls of vulnerability {unknown}
 i - 2 scrolls of enchant armour {unknown}
 k - a scroll of blinking {unknown}
 n - 4 scrolls of teleportation {unknown}
 r - a scroll of brand weapon {unknown}
Potions
 d - a potion of might
 j - 2 potions of enlightenment {unknown}
 l - a potion of heal wounds {unknown}
 m - a potion of mutation {unknown}
 q - 3 potions of curing {unknown}
 t - 2 potions of haste {unknown}
 u - 2 potions of lignification {unknown}


   Skills:
 + Level 4.2 Fighting
 + Level 5.1 Maces & Flails
 + Level 4.4 Armour
 + Level 0.7 Dodging
 + Level 0.1 Stealth
 + Level 3.9 Shields


You had 5 spell levels left.
You didn't know any spells.
Your spell library contained the following spells:

 Spells                   Type           Power      Damage    Failure   Level
 Sting                    Tmut/Pois      0%         1d3       78%         1
 Summon Small Mammal      Summ           0%         N/A       78%         1
 Blink                    Tloc           0%         N/A       89%         2
 Poisonous Vapours        Pois/Air       0%         N/A       89%         2
 Call Canine Familiar     Summ           0%         N/A       98%         3
 Ignite Poison            Fire/Tmut/Pois 0%         N/A       98%         3
 Inner Flame              Hex/Fire       0%         N/A       98%         3
 Summon Guardian Golem    Hex/Summ       0%         N/A       98%         3
 Olgreb's Toxic Radiance  Pois           0%         N/A       100%        4
 Summon Forest            Summ/Tloc      0%         N/A       100%        5
 Yara's Violent Unravell  Hex/Tmut       0%         3d3       100%        5
 Enfeeble                 Hex            0%         N/A       100%        7
 Disjunction              Tloc           0%         N/A       100%        8


Dungeon Overview and Level Annotations

Branches:
Dungeon (4/15)
 Temple: D:4-7

Altars:
Gozag

Shops:
D:3 ?


Innate Abilities, Weirdness & Mutations

You are immune to sickness and miasma.
Your stone body is resilient. (AC +4)
You are immune to poison.
You resist negative energy. (rN+)
You are resistant to electric shocks. (rElec)
You are resistant to unholy torment.
You are immune to petrification.


Message History

You barely miss the gnoll.
The gnoll is lightly wounded.
You block the gnoll's attack.
You thump the gnoll!
The gnoll is almost dead.
The gnoll misses you.
You hit the gnoll.
You kill the gnoll!
No target in view!
No target in view!
No target in view!
No target in view!
No target in view!
No target in view!
No target in view!
No target in view!
You fly downwards.
The hobgoblin hits you but does no damage. x2
There is a stone staircase leading up here.
You sock the hobgoblin!
You kill the hobgoblin!
No target in view!
No target in view!
No target in view!
HP restored.
An ogre comes into view. It is wielding a +0 giant club.
You throw a poisoned dart.
The poisoned dart barely misses the ogre.
You sock the ogre!
The ogre is moderately wounded.
The ogre hits you with a +0 giant club!!
Ouch! That really hurt!
You are too injured to fight recklessly!
You are too injured to fight recklessly!
You are too injured to fight recklessly!
You are too injured to fight recklessly!
The ogre attacks as you move away!
The ogre hits you with a +0 giant club!!
Ouch! That really hurt!
You die...

.....[............
######....#### ...
####...#..# ###. .##
.....###<.###.. .. ....##
#..<##.# #.#
....####)#.#..### #..######
.........#.#....## #...$..#
.................####$....##
....###.##.....O@..........#
....# #...........####.....#
##..######........###..#.###
#...............#....##.#
....#..(÷.........#### gg
.......#.##÷......## g..
..... #.##.......# .... ....
#.###÷....## ..... ... ...
......... .....#


You could see an ogre.

Vanquished Creatures
  An orc priest (D:3)
  A jelly (D:4)
  A gnoll bouda (D:3)
  Jessica (D:2)
  An iguana (D:4)
  9 gnolls
  3 adders (D:3)
  2 dart slugs
  5 orcs
  8 ball pythons
  7 endoplasms
  3 giant cockroaches
  8 goblins
  8 hobgoblins
  7 jackals
  3 kobolds (D:2)
  3 quokkas
  5 bats
  2 frilled lizards
  5 rats
83 creatures vanquished.

Notes
Turn   | Place    | Note
-------+----------+-------------------------------------------
     0 | D:1      | AdnanSaban the Gargoyle Fighter began the quest for the
                  | Orb.
     0 | D:1      | Reached XP level 1. HP: 14/14 MP: 1/1
    72 | D:1      | Reached XP level 2. HP: 19/19 MP: 2/2
   292 | D:1      | Reached XP level 3. HP: 22/24 MP: 3/3
   912 | D:2      | Noticed Jessica
   921 | D:2      | Killed Jessica
   922 | D:2      | Reached XP level 4. HP: 29/29 MP: 4/4
   934 | D:2      | Reached skill level 3 in Maces & Flails
  1260 | D:2      | Found a faded altar of an unknown god.
  1425 | D:3      | Got the Catalogue of Viperous Wanderlust
  1453 | D:3      | Found an opulent altar of Gozag.
  1481 | D:3      | Reached XP level 5. HP: 33/33 MP: 5/5
  1810 | D:3      | Found The Oracle's Delphic Readings.
  2063 | D:3      | Reached skill level 4 in Maces & Flails
  2528 | D:4      | Reached XP level 6. HP: 25/38 MP: 6/6
  2802 | D:3      | Reached skill level 5 in Maces & Flails
  2923 | D:4      | Slain by an ogre

Illustrated notes

Levels and vault maps discovered:
D:1:      psy_arrival_radial01, layout_loops_cross
D:2:      layout_rooms, chequers_ecumenical_altar_lobes,
          kennysheep_cluttered_room, chequers_arboretum, uniq_jessica
D:3:      layout_loops_corners, mainiacjoe_overflow_tiny_flanked,
          nicolae_nh_oracle_at_delphi
D:4:      black_bear_nest_1, layout_rooms, nicolae_overflow_hidden_temple,
          temple_green

Skill      XL: |  1  2  3  4  5  6 |
---------------+-------------------+-----
Maces & Flails | 3 4 5 |  5.1
Fighting       | 4 |  4.2
Armour         | 4 |  4.4
Dodging        | |  0.7
Stealth        | |  0.1
Shields        | |  3.9

Action                     |  1- 3 |  4- 6 || total
---------------------------+-------+-------++-------
  Melee: Flail             |   102 |   195 ||   297
  Throw: Dart              |       |     1 ||     1
 Armour: Scale mail        |    50 |    79 ||   129
  Dodge: Dodged            |    64 |    96 ||   160
  Block: Buckler           |    18 |    48 ||    66

Table legend: (Time is in decaauts)
 A = Elapsed time spent in this place.
 B = Non-inter-level travel time spent in this place.
 C = Inter-level travel time spent in this place.
 D = Time resting spent in this place.
 E = Time spent auto-exploring this place.
 F = Levels seen in this place.
 G = Mean time per level.
                   A        B        C        D        E       F      G
               +--------+--------+--------+--------+--------+-----+--------+
         Total |   3003 |   2886 |    117 |    194 |   1982 |   4 |  750.8 |
       Dungeon |   3003 |   2886 |    117 |    194 |   1982 |   4 |  750.8 |
               +--------+--------+--------+--------+--------+-----+--------+

Top non-repeatable levels by time:
     D:3: 1362 daAuts
     D:1: 779 daAuts
     D:2: 656 daAuts
     D:4: 205 daAuts
